 Dungeon Crawl Stone Soup version 0.29-a0-323-g050149af67 (webtiles) character file.

Game seed: 13990675371955149333

31 spaghetti the Firebug (level 2, -2/20 HPs)
             Began as a Demigod Fire Elementalist on Apr 10, 2022.
             Slain by a goblin
             ... wielding a +0 club
             ... led by Robin
              (4 damage)
             ... on level 3 of the Dungeon.
             The game lasted 00:02:15 (1809 turns).

spaghetti the Firebug (Demigod Fire Elementalist)   Turns: 1809, Time: 00:02:16

Health: -2/20      AC:  2    Str:  8 (11) XL:     2   Next: 90%
Magic:  7/7        EV: 12    Int: 16 (19) God:
Gold:   97         SH:  0    Dex: 14 (16) Spells: 3/4 levels left

rFire   . . .      SeeInvis .   r - +2 falchion "Dorchouz" {vorpal, Str+2 Stlth+, long}
rCold   . . .      Faith    .   (no shield)
rNeg    . . .      Spirit   .   a - +0 robe
rPois   .          Reflect  .   (no helmet)
rElec   .          Harm     .   (no cloak)
rCorr   .          Rampage  .   (no gloves)
Will    .....                   (no boots)
Stlth   +++.......              q - amulet of regeneration {@e2}
HPRegen 0.86/turn               (no ring)
MPRegen 0.10/turn               (no ring)

@: no status effects
A: high MP 1, forlorn, divine attributes, agile 1, clever 1, noise suppression
a: no special abilities


You were on level 3 of the Dungeon.
You visited 1 branch of the dungeon, and saw 3 of its levels.

You collected 97 gold pieces.


Innate Abilities, Weirdness & Mutations

You have an increased reservoir of magic. (+10% MP)
You shall have no god before yourself.
Your divine heritage dramatically boosts your attributes as you level up.
You are agile. (Dex +2)
Your mind is acute. (Int +2)
You passively dampen the noise of your surroundings.


   Skills:
 + Level 0.3 Long Blades
 + Level 1.9 Dodging
 - Level 1.7 Stealth
 - Level 1.7 Spellcasting
 - Level 0.8 Conjurations
 + Level 3.7 Fire Magic


You had 3 spell levels left.
You knew the following spells:

 Your Spells              Type           Power      Damage    Failure   Level
a - Foxfire               Conj/Fire      32%        2x1d5     9%          1

Your spell library contained the following spells:

 Spells                   Type           Power      Damage    Failure   Level
 Scorch                   Fire           26%        2d6       7%          2
 Conjure Flame            Conj/Fire      8%         6-21      26%         3
 Inner Flame              Hex/Fire       7%         N/A       30%         3
 Flame Wave               Conj/Fire      8%         2d5       63%         4

Inventory:

Hand Weapons
 f - a +0 dagger {short}
   (You took it off a kobold on level 1 of the Dungeon)
 g - a +0 club {mace}
   (You took it off a goblin on level 1 of the Dungeon)
 j - a +0 short sword {short}
   (You took it off a kobold on level 1 of the Dungeon)
 r - the +2 falchion "Dorchouz" (weapon) {vorpal, Str+2 Stlth+, long}
   (You found it on level 2 of the Dungeon)

   It inflicts extra damage upon your enemies.
   Str:       It affects your strength (+2).
   Stlth:     It makes you more stealthy.
Missiles
 d - 19 stones {throwing}
Armour
 a - a +0 robe (worn)
Magical Staves
 u - a staff of air {!astaff}
   (You found it on level 2 of the Dungeon)
Jewellery
 q - an amulet of regeneration (around neck) {@e2}
   (You found it on level 2 of the Dungeon)
Scrolls
 c - 2 scrolls of identify {unknown}
 h - a scroll of fear {unknown}
 l - a scroll of teleportation {unknown}
 n - a scroll of holy word {unknown}
 o - a scroll of amnesia {unknown}
 p - a scroll of enchant weapon {unknown}
 s - a scroll of blinking {unknown}
Potions
 b - a potion of magic
 e - a potion of mutation {!q}
 m - a potion of ambrosia {unknown}

Dungeon Overview and Level Annotations

Branches:
Dungeon (2/15)

Annotations:
D:3 Robin #.######### #gggg@gg..#

#g#######.#
#.# #.# #.#
#.# #.# #.#
#.#


You could see Robin, 2 hobgoblins, 3 goblins and a friendly goblin (summoned).


Message History

You barely miss the worm. 😕 HP[+1]
You slash the worm! The worm bites you!
* * * LOW HITPOINT WARNING * * *
😨 HP[-6]
You take 6 damage, and now have 10/20 hp.
MASSIVE DAMAGE!! (PAUSE)
You slash the worm!
You kill the worm! 😮 HP[+1]
You start resting. 😎 HP[+9]
Your hp is fully restored (20).
You see here a worm corpse.
You now have 97 gold pieces (gained 5).
An adder comes into view.
A sourceless malevolence fills the Dungeon...
You fall into a shaft and drop 1 floor!
The shaft crumbles and collapses.
Unknown command.
You open the door.
There is an open door here.
You open the door.
Key pressed, stopping explore.
There is an open door here.
Key pressed, stopping explore.
A goblin comes into view. It is wielding a +0 club.
A goblin is nearby!
Casting: Foxfire (safe; 8% risk of failure)
Confirm with . or Enter, or press ? or * to list all spells.
You conjure some foxfire! 😎 MP[-1]
You lost 1 mp, and now have 6/7 mp. 3 goblins come into view.
The goblin shouts! x2; You hear a shout! x3
Robin of the Strong Arm comes into view.
They are wielding a +0 mace.
Unknown command.
You hit the goblin.
Robin roars a battlecry!
The goblins go into a battle-frenzy!
The goblin closely misses you.
You hear a shout!
You hit the goblin.
You kill the goblin!
You closely miss the goblin. The goblin hits you with a +0 club.
Robin throws the goblin at you! 😕 HP[-4]
You take 4 damage, and now have 16/20 hp.
You miss the goblin. The goblin barely misses you.
The goblin hits you but does no damage. x2; The goblin closely misses you.
A hobgoblin comes into view. 😕 HP[+1] MP[+1]
Your mp is fully restored (7).
Unknown command.
You closely miss the goblin.
The hobgoblin shouts!
The goblin hits you with a +0 dagger. The goblin barely misses you.
Robin says, "Feeling lonely?" 😮 HP[-4]
You take 4 damage, and now have 13/20 hp.
You barely miss the goblin. The goblin hits you with a +0 dagger.
* * * LOW HITPOINT WARNING * * *
The goblin hits you but does no damage.
A hobgoblin comes into view. 😨 HP[-4]
You take 4 damage, and now have 9/20 hp.
It was a potion of mutation.
You feel extremely strange.
You feel clever.
You feel agile.
You feel your surroundings grow quieter.
The goblin barely misses you. The goblin hits you with a +0 club.
* * * LOW HITPOINT WARNING * * *
😨 HP[-1]
You take 1 damage, and now have 8/20 hp.
Unknown command.
It was a potion of curing.
You feel better. The goblin hits you with a +0 dagger.
The goblin closely misses you. 😕 HP[+8]
You regained 8 hp, and now have 16/20 hp.
As you read the scroll labelled XIUJER WIGYETA, it crumbles to dust.
Wisps of shadow whirl around you...
It was a scroll of summoning.
The goblin barely misses you.
The goblin hits you with a +0 club. 😮 HP[-4]
You take 4 damage, and now have 12/20 hp.
Okay, then.
You closely miss the goblin. The goblin misses you.
The goblin hits you with a +0 dagger.
* * * LOW HITPOINT WARNING * * *
Your goblin hits the goblin with a +0 club.
The goblin misses you. The goblin closely misses you. 😨 HP[-5]
You take 5 damage, and now have 7/20 hp.
MASSIVE DAMAGE!! (PAUSE) It was a potion of degeneration.
There was something very wrong with that liquid.
You feel weakened.
You feel dopey.
You feel clumsy.
The goblin no longer looks unusually strong.
Your goblin barely misses the goblin.
The goblin hits you with a +0 dagger.
* * * LOW HITPOINT WARNING * * *
The goblin hits you with a +0 club.
You die...

Skill      XL: |  1 |
---------------+----+-----
Fire Magic     | 3 |  3.7
Long Blades    | |  0.3
Dodging        | |  1.9
Stealth        | |  1.7
Spellcasting   | |  1.7
Conjurations   | |  0.8

Action                   || total
-------------------------++-------
Melee: Unarmed           ||    10
       Falchion          ||    16
       Punch             ||     1
 Cast: Foxfire           ||    64
  Use: Potion            ||     3
       Scroll            ||     1
 Stab: Sleeping          ||     1
Armor: Robe              ||     7
Dodge: Dodged            ||    20

Levels and vault maps discovered:
D:1:      arrival_aquarium_a, layout_basic,
          hellmonk_ecumenical_altar_arch_garden
D:2:      layout_loops_ring, minmay_bisected
D:3:      layout_basic, minmay_splitting_lines, uniq_robin

Notes
Turn   | Place    | Note
-------+----------+-------------------------------------------
     0 | D:1      | spaghetti the Demigod Fire Elementalist began the quest for
                  | the Orb.
     0 | D:1      | Reached XP level 1. HP: 14/14 MP: 5/5
     0 | D:1      | magus.rc [v1.9.6]
     1 | D:1      | Noticed an electric eel
   173 | D:1      | Reached skill level 3 in Fire Magic
   561 | D:1      | Reached XP level 2. HP: 20/20 MP: 4/7
  1372 | D:2      | Identified the +2 falchion "Dorchouz" {vorpal, Str+2
                  | Stlth+}
  1692 | D:2      | You fall into a shaft and drop 1 floor!
  1798 | D:3      | Noticed Robin
  1805 | D:3      | Gained mutation: Your mind is acute. (Int +2) [potion of
                  | mutation]
  1805 | D:3      | Gained mutation: You are agile. (Dex +2) [potion of
                  | mutation]
  1805 | D:3      | Gained mutation: You passively dampen the noise of your
                  | surroundings. [potion of mutation]
  1809 | D:3      | HP: 2/20 [goblin/+0 dagger[Robin] (6)]
  1809 | D:3      | Slain by a goblin

Vanquished Creatures
  A worm (D:2)
  A bat (D:2)
  5 endoplasms
  2 giant cockroaches (D:1)
  2 goblins
  3 hobgoblins (D:1)
  3 kobolds
  2 ball pythons (D:2)
  A frilled lizard (D:1)
  7 rats
27 creatures vanquished.

Vanquished Creatures (others)
  100 foxfires
100 creatures vanquished.

Grand Total: 127 creatures vanquished

Table legend:
 A = Non-vault XP
 B = Vault XP
 C = Vault XP percentage of total XP
 D = Non-vault monster count
 E = Vault monster count
 F = Vault count percentage of total count
                 A         B        C        D         E       F
            +---------+---------+-------+---------+---------+-------
      Total |      43 |       2 |   4.4 |      26 |       1 |   3.7
            +---------+---------+-------+---------+---------+-------
        D:1 |      28 |       0 |   0.0 |      17 |       0 |   0.0
        D:2 |      15 |       0 |   0.0 |       9 |       0 |   0.0
        D:3 |       0 |       2 | 100.0 |       0 |       1 | 100.0
            +---------+---------+-------+---------+---------+-------

Illustrated notes

Table legend:
 A = Kills in this place as a percentage of kills in entire the game.
 B = Kills by you in this place as a percentage of kills by you in the entire game.
 C = Kills by friends in this place as a percentage of kills by friends in the entire game.
 D = Other kills in this place as a percentage of other kills in the entire game.
 E = Experience gained in this place as a percentage of experience gained in the entire game.
 F = Experience gained in this place divided by the number of levels of this place that you have seen.
                   A       B       C       D       E      F
               +-------+-------+-------+-------+-------+----------------------
         Total | 100.0 | 100.0 |   N/A |   N/A | 100.0 |  15.0
       Dungeon | 100.0 | 100.0 |   N/A |   N/A | 100.0 |  15.0
               +-------+-------+-------+-------+-------+----------------------

Table legend: (Time is in decaauts)
 A = Elapsed time spent in this place.
 B = Non-inter-level travel time spent in this place.
 C = Inter-level travel time spent in this place.
 D = Time resting spent in this place.
 E = Time spent auto-exploring this place.
 F = Levels seen in this place.
 G = Mean time per level.
                   A        B        C        D        E       F      G
               +--------+--------+--------+--------+--------+-----+--------+
         Total |   1812 |   1769 |     43 |     10 |   1568 |   3 |  604.0 |
       Dungeon |   1812 |   1769 |     43 |     10 |   1568 |   3 |  604.0 |
               +--------+--------+--------+--------+--------+-----+--------+

Top non-repeatable levels by time:
     D:1: 1295 daAuts
     D:2: 398 daAuts
     D:3: 118 daAuts
